 Dungeon Crawl Stone Soup version 0.31-a0-441-g867994ef1c (webtiles) character file.

Game seed: 7903894494720564764

140 jasper the Ruffian (level 5, -1/40 HPs)
             Began as a Draconian Shapeshifter on Aug 2, 2023.
             Slain by a gnoll
             ... wielding a +0 spear
              (7 damage)
             ... on level 3 of the Dungeon.
             The game lasted 00:05:24 (2213 turns).

jasper the Ruffian (Draconian Shapeshifter)         Turns: 2213, Time: 00:05:24

Health: -1/40      AC:  5    Str: 17    XL:     5   Next: 2%
Magic:  5/5        EV: 12    Int:  8    God:
Gold:   116        SH:  0    Dex: 14    Spells: 4/4 levels left

rFire   . .          .
                       - Unarmed
rCold   . . .        (no shield)
rNeg    . . .        (body armour unavailable)
rPois   .            (helmet currently unavailable)
rElec   .            (cloak currently unavailable)
rCorr   .            (gloves currently unavailable)
SInv    .            (boots currently unavailable)
Will    .....        (no amulet)
Stlth   +            (no ring)
HPRegen 0.26/turn    (no ring)
MPRegen 0.09/turn

%: no passive effects
@: beast-form
A: beast (slay +2), AC +5, unfitting armour, cold-blooded
a: Begin Untransformation


You were on level 3 of the Dungeon.
You were a hulking beast.
You visited 1 branch of the dungeon, and saw 4 of its levels.

You collected 116 gold pieces.

Inventory:

Missiles
 e - 4 boomerangs (quivered)
 h - 9 stones
 j - 2 poisoned darts
Armour
 k - a scarf of shadows
 m - a +2 pair of boots
Talismans
 b - a beast talisman (active)
Scrolls
 d - a scroll of immolation
Potions
 a - a potion of lignification
 c - a potion of brilliance
 f - a potion of cancellation
 g - a potion of curing
 i - a potion of degeneration


   Skills:
 - Level 1.1 Fighting
 - Level 1.7 Dodging
 * Level 5.7 Unarmed Combat
 - Level 3.0 Shapeshifting


You had 4 spell levels left.
You didn't know any spells.
Your spell library contained the following spells:

 Spells                   Type           Power      Damage    Failure   Level
 Gell's Gravitas          Tloc           0%         N/A       78%         3
 Teleport Other           Tloc           0%         N/A       78%         3
 Dispersal                Tloc           0%         N/A       100%        6


Dungeon Overview and Level Annotations

Branches:
Dungeon (4/15)
 Temple: D:4-7

Altars:


Innate Abilities, Weirdness & Mutations

You are a hulking beast.
Your limbs bulge with bestial killing power. (Slay +2)
Your plain brown scales are hard. (AC +5)
You cannot fit into any form of body armour.
You are cold-blooded and may be slowed by cold attacks.


Message History

A rat comes into view.
The gnoll hits you from afar with a +0 halberd!
The gnoll misses you.
You take 6 damage, and have 26/35 hp.
Okay, then.
Okay, then.
Okay, then.
You closely miss the gnoll.
The gnoll is almost dead.
You barely miss the gnoll.
The gnoll is almost dead.
The gnoll hits you from afar with a +0 halberd!
The gnoll misses you.
You take 10 damage, and have 16/35 hp.
MASSIVE DAMAGE!!
You punch the gnoll!
You kill the gnoll!
The gnoll closely misses you.
You have reached level 5!
You regained 3 hp, and now have 19/40 hp.
MP restored: 5 The gnoll attacks as you move away!
The gnoll hits you with a +0 spear.
The gnoll hits you from afar with a +0 spear!
* * * LOW HITPOINT WARNING * * *
You take 11 damage, and have 8/40 hp.
MASSIVE DAMAGE!!
Okay, then.
There are monsters nearby!
Really read the scroll of immolation?
As you read the scroll of immolation, it crumbles to dust.
The creatures around you are filled with an inner flame!
The gnoll hits you from afar with a +0 spear.
* * * LOW HITPOINT WARNING * * *
You take 3 damage, and have 5/40 hp.
Okay, then.
Unknown command.
Throw: 4 boomerangs
Press: ? - help, Q - select action, (/) - cycle Shift-Dir - straight line, f - gnoll
Aim: a gnoll, wielding a +0 spear (inner flame, 61% to hit)
You throw a boomerang. The boomerang barely misses the gnoll.
The gnoll hits you from afar with a +0 spear!
You die...

..................#
......####.###.##.#
......#
#.....##.#######
......#
########.......#
......# #..####.##
......# #........#
....### #....##..#
...#### ####.#.##..
......# #.h.....#.
##)##.#
#.##.......# #..# #
#.rgg....##.##.#
#.##
#####.##.......#
#.###.##
#.......####
........#
.###.##.####### ###
#.#...... .
#.##.......# #.†
#.#...#.#
.###.##†#####.# #.#
#.. .##
#........#####.#
#.#


You could see 2 gnolls.

Vanquished Creatures
  An orc priest (D:3)
  A gnoll (D:3)
  3 adders
  4 worms
  2 dart slugs (D:1)
  3 orcs (D:3)
  7 ball pythons
  A giant cockroach (D:1)
  3 goblins
  5 hobgoblins
  5 jackals
  3 kobolds
  A quokka (D:3)
  4 bats
  7 frilled lizards
  8 rats
58 creatures vanquished.

Notes
Turn   | Place    | Note
-------+----------+-------------------------------------------
     0 | D:1      | jasper the Draconian Shapeshifter began the quest for the
                  | Orb.
     0 | D:1      | Reached XP level 1. HP: 16/16 MP: 1/1
    91 | D:1      | Reached XP level 2. HP: 19/23 MP: 2/2
   290 | D:1      | Reached skill level 4 in Unarmed Combat
   552 | D:1      | Reached XP level 3. HP: 28/28 MP: 3/3
  1175 | D:2      | You fall into a shaft and drop 2 floors!
  1902 | D:3      | Reached XP level 4. HP: 32/35 MP: 4/4
  1937 | D:3      | Reached skill level 5 in Unarmed Combat
  2211 | D:3      | Reached XP level 5. HP: 19/40 MP: 5/5
  2213 | D:3      | Slain by a gnoll

Illustrated notes

Levels and vault maps discovered:
D:1:      lemuel_arrival_tunnels, layout_loops_ring,
          chequers_serial_rivers_room_a, grunt_decor_one_mirror,
          ebering_dispersal_statue_hall
D:2:      layout_loops_ring, nicolae_wormholes
D:3:      layout_loops_cross, minmay_lizard_king
D:4:      layout_cave_pods, chequers_temple_overflow_statue_of_worship,
          minmay_shop_mass

Skill      XL: |  1  2  3  4 |
---------------+-------------+-----
Unarmed Combat | 4 5 |  5.7
Fighting       | |  1.1
Dodging        | |  1.7
Shapeshifting  | |  3.0

Action                     |  1- 3 |  4- 6 || total
---------------------------+-------+-------++-------
  Melee: Unarmed           |    83 |    30 ||   113
         Tailslap          |     9 |       ||     9
         Punch             |     3 |     1 ||     4
  Throw: Boomerang         |    27 |    20 ||    47
    Use: Scroll            |    11 |     2 ||    13
   Stab: Sleeping          |     1 |       ||     1
 Armour: Skin              |    17 |     6 ||    23
  Dodge: Dodged            |    45 |    14 ||    59

Table legend: (Time is in decaauts)
 A = Elapsed time spent in this place.
 B = Non-inter-level travel time spent in this place.
 C = Inter-level travel time spent in this place.
 D = Time resting spent in this place.
 E = Time spent auto-exploring this place.
 F = Levels seen in this place.
 G = Mean time per level.
                   A        B        C        D        E       F      G
               +--------+--------+--------+--------+--------+-----+--------+
         Total |   2216 |   2100 |    116 |     60 |   1633 |   4 |  554.0 |
       Dungeon |   2216 |   2100 |    116 |     60 |   1633 |   4 |  554.0 |
               +--------+--------+--------+--------+--------+-----+--------+

Top non-repeatable levels by time:
     D:1: 916 daAuts
     D:2: 672 daAuts
     D:3: 615 daAuts
     D:4: 11 daAuts
